Unix NetHack Version 5.0.0-0 post-release - last build May  4 2026 22:22:43 (774f63e81ad911689b3a0859ea89b322d5daca8d,branch:main).

Game began 2026-05-06 18:36:11, ended 2026-05-06 20:35:40.

Eymerich, chaotic male elven Priest

                         |
                         |.
                         |...   .            -------
                         |.....  ##          |.....|
                         |.......d@#         |.>...|
                         ------+  B          |`....|
                                  #          |.....|
                                  #   ##    #-......#
                                  #   #     #-------########################
                                 #################### ##              ---.----
                                  ##  #       #        #            ##.......|
                                   ##         #        ###          # |.<....|
                                   #          #          #------    # |......|
                                   #    --#---#          #|....|   ## --------
                                  ###   |(...|#          #-.....####
                                    ####|...^.#           |....|
                                       #%^...|            ------
                                        ------

Eymerich the Acolyte         St:13 Dx:11 Co:16 In:10 Wi:19 Ch:8  Chaotic
Dlvl:4  $:56 HP:0(30) Pw:37(71) AC:7  Xp:4 T:2525  Burdened

Latest messages:
 You see here 2 darts.
 You have a little trouble lifting y - 2 darts (3 in total).
 You swap places with Pinky.
 You swap places with Pinky.
 The werejackal hits!
 You swap places with Pinky.
 Pinky misses the werejackal.
 Pinky bites the werejackal.
 You hear a jackal howling at the moon.
 You hear some noises.
 You hear some noises in the distance.
 The werejackal bites!
 You avoid harm.
 The werejackal misses!
 You swap places with Pinky.
 You hear some noises.
 What do you want to take off? [FGI or ?*]
 You finish taking off your helm.
 What do you want to take off? [GI or ?*]
 You finish taking off your shoes.
 You were wearing a +0 hooded cloak.
 You finish taking off your suit.
 What do you want to wear? [bnFGI or ?*]
 You are now wearing a robe.
 You fail to cast the spell correctly.
 You fail to cast the spell correctly.
 You fail to cast the spell correctly.
 In what direction?
 You feel much better.
 You were wearing a +0 robe.
 The giant bat bites!
 The giant bat bites!
 The giant bat bites!
 You stop.  Pinky is in the way!
 The giant bat bites!
 The giant bat bites!
 The giant bat bites!
 The giant bat bites!
 You swap places with Pinky.
 You see here a werejackal corpse.
 What do you want to wear? [bnFGI or ?*]
 You finish your dressing maneuver.
 You see here a werejackal corpse.
 What do you want to wear? [bFGI or ?*]
 You are now wearing a hooded cloak.
 What do you want to wear? [FG or ?*]
 The giant bat bites!
 The giant bat bites!
 You die...
 Do you want your possessions identified? [ynq] (y)

Inventory:
 Coins    ('$')
  $ - 56 gold pieces
 Weapons  (')')
  B - 2 +0 crossbow bolts (in quiver pouch)
  C - a +0 crossbow (weapon in right hand)
  y - 3 +0 darts
  a - a blessed +1 mace (alternate weapon; not wielded)
 Armor    ('[')
  F - a +0 dwarvish iron helm
  G - a +0 pair of iron shoes (being donned)
  I - a +0 dwarvish cloak (being worn)
  b - a +0 robe
  n - a +0 studded leather armor (being worn)
 Comestibles  ('%')
  q - a slime mold
  N - 2 apples
  e - a clove of garlic
  k - 3 food rations
  f - a sprig of wolfsbane
 Scrolls  ('?')
  t - 2 scrolls of food detection
  L - a scroll of magic mapping
  l - a scroll of teleportation
 Spellbooks  ('+')
  h - a spellbook of extra healing
  g - a spellbook of light
 Potions  ('!')
  m - a potion of acid
  r - a potion of confusion
  o - a cursed potion of paralysis
  K - a potion of restore ability
  d - 4 potions of holy water
 Tools    ('(')
  i - an oil lamp
  x - an oil lamp
  v - a +0 pick-axe

Eymerich the Priest's attributes:

Background:
 You were an Acolyte, a level 4 elven Priest.
 You were chaotic, on a mission for Kos
 who was opposed by Issek (lawful) and Mog (neutral).
 You were right-handed.
 You were in the Dungeons of Doom, on level 4.
 You entered the dungeon 2525 turns ago.
 You had 138 experience points, 22 more were needed to attain level 5.

Basics:
 You had 0 out of 30 hit points.
 You had 37 out of 71 energy points (spell power).
 Your armor class was 5.
 Your wallet contained 56 zorkmids.
 Autopickup was off.

Final Characteristics:
 Your strength was 13 (limit:18).
 Your dexterity was 11 (limit:18).
 Your constitution was 16 (limit:16).
 Your intelligence was 10 (limit:20).
 Your wisdom was 19 (limit:20).
 Your charisma was 8 (limit:18).

Final Status:
 You weren't hungry.
 You were burdened; movement was slightly slowed.
 You were wielding a crossbow.
 You were unskilled in crossbow.

Final Attributes:
 You were piously aligned.
 Your items were somewhat protected from fire.
 Your items were somewhat protected from cold.
 You were sleep resistant.
 You were telepathic.
 You had infravision.
 You were warded.
 You are dead.

Miscellaneous:
 You didn't encounter any bones levels.
 Total elapsed playing time was 56 minutes and 55 seconds.

Major events:
 Turn
    1: Eymerich the chaotic elven Priest entered the dungeon
  965: entered the Gnomish Mines
 1001: attained the rank of Acolyte (level 3)
 2525: killed by a giant bat, while dressing up

Spells:
 Name                 Level Category     Fail Retention
 light                  1   clerical       0%   81%-90%
 extra healing          3   healing       83%  76%-100%

Skills:
 Fighting Skills
   bare handed combat [Unskilled]
 Weapon Skills
   club               [Unskilled]
   mace               [Basic]
   morning star       [Unskilled]
   flail              [Unskilled]
   hammer             [Unskilled]
   quarterstaff       [Unskilled]
   polearms           [Unskilled]
   spear              [Unskilled]
   trident            [Unskilled]
   lance              [Unskilled]
   bow                [Unskilled]
   sling              [Unskilled]
   crossbow           [Unskilled]
   dart               [Unskilled]
   shuriken           [Unskilled]
   boomerang          [Unskilled]
   unicorn horn       [Unskilled]
 Spellcasting Skills
   healing spells     [Unskilled]
   divination spells  [Unskilled]
   clerical spells    [Basic]

Voluntary challenges:
 Character rerolling was not enabled.
 You were illiterate.
 You never genocided any monsters.
 You never polymorphed an object.
 You never changed form.
 You used no wishes.
Achievements:
 You entered the Gnomish Mines.
 You attained the rank of Acolyte.

 The Dungeons of Doom: levels 1 to 4
    Level 1:
    Level 2: "vault"
       Stairs down to The Gnomish Mines.
    Level 3: "vault, closed shop"
       A fountain.
    Level 4: "iron bars" <- You were here.
       Final resting place for
          you, killed by a giant bat, while dressing up.
 The Gnomish Mines:
    Level 3:


Vanquished creatures:
  2 gnome leaders
  2 giant ants
  2 floating eyes
  2 dwarves
  a kobold shaman
  a centipede
  2 giant bats
 an orc zombie
  a werejackal
 an acid blob
  a gas spore
  a brown mold
  9 gnomes
  a gnome zombie
  5 jackals
  3 foxes
  a kobold
  a goblin
  2 sewer rats
  4 grid bugs
  2 lichens
  a kobold zombie
  3 newts
49 creatures vanquished.

No species were genocided or became extinct.

Game over:
                       ----------
                      /          \
                     /    REST    \
                    /      IN      \
                   /     PEACE      \
                  /                  \
                  |     Eymerich     |
                  |      56 Au       |
                  |   killed by a    |
                  |    giant bat     |
                  |                  |
                  |                  |
                  |       2026       |
                 *|     *  *  *      | *
        _________)/\\_//(\/(/\)/\//\/|_)_______

Goodbye Eymerich the Priest...

You died in The Dungeons of Doom on dungeon level 4 with 753 points,
and 56 pieces of gold, after 2525 moves.
You were level 4 with a maximum of 30 hit points when you died.

